 Dungeon Crawl Stone Soup version 0.14-a0-2017-g4a4604d (webtiles) character file.

170 M4edhros the Sneak (level 4, -2/33 HPs)
             Began as an Octopode Wanderer on Jan 19, 2014.
             Slain by an ogre
             ... wielding a +0,+0 giant spiked club
              (31 damage)
             ... on Level 4 of the Dungeon.
             The game lasted 00:02:39 (1394 turns).

M4edhros the Sneak (Octopode Wanderer)              Turns: 1394, Time: 00:02:39

HP  -2/33        AC  1     Str 10      XL: 4   Next: 97%
MP   4/4         EV 16     Int 12      God:
Gold 56          SH  0     Dex 20      Spells:  0 memorised,  3 levels left

rFire  + . .     SeeInvis .     b - +0 crossbow
rCold  + . .     Clarity  .     (no shield)
rNeg   . . .     Conserve .     (helmet restricted)
rPois  +         rCorr    .     (no amulet)
rElec  +         rRot     .     (no ring)
SustAb . .       Spirit   .     (no ring)
rMut   .         Warding  .     (no ring)
Saprov . . .     Stasis   .     (no ring)
MR     .....                    (no ring)
                                (no ring)
                                (no ring)
                                (no ring)

@: agile, not resistant to hostile enchantments, extremely stealthy
A: almost no armour, amphibious, 8 rings, constrict 8, camouflage 1, gelatinous
body 1
a: no special abilities


You were on level 4 of the Dungeon.
You were hungry.

You visited 1 branch of the dungeon, and saw 4 of its levels.

You collected 56 gold pieces.

Inventory:

Hand weapons
 a - a +1,+3 hand axe
 b - a +0,+0 crossbow (weapon)
Missiles
 d - 19 bolts (quivered)
Comestibles
 f - 2 bread rations
Scrolls
 c - 2 scrolls of identify {unknown}
 h - a scroll of enchant weapon I {unknown}
 k - a scroll of teleportation {unknown}
 l - a scroll of magic mapping {unknown}
 m - a scroll of fog {unknown}
Potions
 i - 2 potions of magic {unknown}
 j - a potion of heal wounds


   Skills:
 - Level 4.0 Fighting
   Level 1.0 Long Blades
 - Level 3.0 Axes
 + Level 6.6 Stealth
   Level 1.1 Evocations


You had 3 spell levels left.
You didn't know any spells.

Dungeon Overview and Level Annotations

Branches:
Dungeon (4/16)
 Temple: D:4-7

Altars:
Elyvilon


Innate Abilities, Weirdness & Mutations

You cannot wear most types of armour.
You are amphibious.
You can wear up to eight rings at the same time.
You can use your tentacles to constrict many enemies at once.
Your skin changes colour to match your surroundings (Stlth).
Your rubbery body absorbs attacks (AC +1).


Message History

Drink which item? (? for menu, Esc to quit)
You feel much better.
It was a potion of heal wounds.
The ogre barely misses you.
Wield which item (- for none, * to show all)? (? for menu, Esc to quit)
Okay, then.
You aren't carrying any items that can be evoked.
Drink which item? (? for menu, Esc to quit)
Okay, then.
You don't know any spells.
Drink which item? (? for menu, Esc to quit)
You feel agile all of a sudden.
It was a potion of agility.
The ogre misses you.
Firing (i - inventory):
d - 20 bolts (quivered)
Press: ? - help, Shift-Dir - straight line, f/p - ogre
Aim: an ogre, wielding a giant spiked club (moderately wounded)
You shoot a bolt. The bolt hits the ogre.
The ogre is severely wounded.
The ogre hits you with a giant spiked club!
Ouch! That really hurt!
You die...

#####.#.# . #.......# #.
#.......# #.# #.......# ...
#.......# #.# ##
#.......###.##..
#............#.#
#......####..#.#
#####@##....<#.#
#O##.##).#.#
##########J#....[)#.##.#
...................)>...#
..........#.................
..........#.....#.#########
...........+.........
...........#.....#.###
........(..#.....#.#


You could see an ogre and an ooze.

Vanquished Creatures
  An orc wizard (D:4)
  Jessica (D:2)
  2 adders
  A giant mite (D:2)
  2 giant geckos (D:1)
  An ooze (D:2)
  4 orcs (D:4)
  5 giant cockroaches
  2 goblins (D:1)
  4 hobgoblins (D:1)
  6 jackals
  2 quokkas
  2 giant newts
  3 kobolds
  4 rats
40 creatures vanquished.

Notes
Turn   | Place    | Note
--------------------------------------------------------------
     0 | D:1      | M4edhros, the Octopode Wanderer, began the quest for the Orb.
     0 | D:1      | Reached XP level 1. HP: 17/17 MP: 1/1
    44 | D:1      | Reached XP level 2. HP: 12/22 MP: 2/2
   655 | D:2      | Reached XP level 3. HP: 25/27 MP: 3/3
   667 | D:2      | Noticed Jessica
   673 | D:2      | Killed Jessica
   676 | D:2      | Reached skill level 5 in Stealth
   923 | D:2      | Reached XP level 4. HP: 28/33 MP: 4/4
  1077 | D:3      | Found a white marble altar of Elyvilon.
  1176 | D:4      | Reached skill level 6 in Stealth
  1377 | D:4      | Noticed an ogre
  1394 | D:4      | Slain by an ogre

Action                   |  1- 3 |  4- 6 || total
-------------------------+-------+-------++-------
Melee: Hand axe          |    46 |    36 ||    82
 Fire: Crossbow          |       |     5 ||     5
  Use: Potion            |       |     4 ||     4
 Stab: Sleeping          |     5 |     2 ||     7
       Distracted        |     1 |       ||     1
